cohdb
Replays
Latest Replays
All Replays
Popular Replays
Top Player Replays
Match Explorer
How It Works
Community
CoH3 Stats
Reddit
Sign in to upload your games and track your stats! →
Sign in with Steam
Match 33714153
Unlisted
Match 33714153
Overview
Messages
Build Orders
End
Construct Barracks
Selects Advanced Infantry Battlegroup
Riflemen Squad
Riflemen Squad
M1 Mortar Team
Selects Convert to Ranger Squad
Convert to Ranger Squad
Riflemen Squad
Infantry Support Center
Convert to Ranger Squad
Riflemen Squad
Selects Designate Assault Position
Designate Assault Position
Convert to Ranger Squad
Construct Weapon Support Center
Construct Tank Depot
Microsoft Outlook
Microsoft Office Excel
Microsoft Office Word
Kaiser_NT
Von Strachwitz
LordFarquad
0
0
Comments
sign in to comment!
No comments posted yet!